 Dungeon Crawl Stone Soup version 0.30-a0-567-gf7fd966b4a (webtiles) character file.

Game seed: 2234509665575612202

12404 kae the Transmogrifier (level 11, 0/87 HPs)
             Began as a Demonspawn Transmuter on Dec 28, 2022.
             Was an Initiate of Ru.
             Slain by a wyvern (1 damage)
             ... on level 2 of the Lair of Beasts.
             The game lasted 00:11:02 (11926 turns).

kae the Transmogrifier (Demonspawn Transmuter)     Turns: 11926, Time: 00:11:03

Health: 0/87       AC:  9    Str: 14    XL:     11   Next: 62%
Magic:  18/23      EV: 10    Int: 16    God:    Ru [......]
Gold:   857        SH:  0    Dex: 13    Spells: 16/26 levels left

rFire   x . .      SeeInvis .      - Unarmed
rCold   + + +      Faith    .    (shield currently unavailable)
rNeg    . . .      Spirit   .    (body armour currently unavailable)
rPois   +          Reflect  .    (helmet currently unavailable)
rElec   .          Harm     .    (cloak currently unavailable)
rCorr   .          Rampage  .    (gloves currently unavailable)
Will    .....                    (boots currently unavailable)
Stlth   +                        A - amulet of the acrobat
HPRegen 0.34/turn                Z - ring of wizardry
MPRegen 0.18/turn                P - ring of poison resistance

@: ice-form, wereblooded
A: freezing attack, amphibious, boosted hp, large, (slimy green scales 2),
demonic guardian 2, foul stench 1, (weakness stinger 2)
a: End Transformation, Renounce Religion, Sacrifice Words, Sacrifice Drink,
Sacrifice Arcana, Reject Sacrifices


You were on level 2 of the Lair of Beasts.
You worshipped Ru.
Ru was noncommittal.
You were a creature of crystalline ice.
You visited 2 branches of the dungeon, and saw 12 of its levels.
You also visited: Sewer.

You collected 1007 gold pieces.
You spent 150 gold pieces at shops.


Innate Abilities, Weirdness & Mutations

You are a creature of crystalline ice.
You have a powerful freezing melee attack.
You are amphibious.
Your maximum health is increased.
Your armour is entirely melded.
You are incapable of wielding weapons or throwing items.
((You are mostly covered in slimy green scales. (AC +3)))
A demonic guardian rushes to your aid.
You may rarely emit foul miasma when damaged in melee.
((You have a tail ending in a sharp stinger.))


   Skills:
 + Level 2.3 Fighting
 + Level 2.7 Dodging
 + Level 8.6 Unarmed Combat
 + Level 8.4 Spellcasting
 * Level 11.6 Transmutations
 * Level 6.9 Ice Magic
 - Level 2.0 Poison Magic


You had 16 spell levels left.
You knew the following spells:

 Your Spells              Type           Power      Damage    Failure   Level
a - Beastly Appendage     Tmut           88%        N/A       1%          1
b - Wereblood             Tmut           44%        N/A       1%          2
c - Spider Form           Tmut/Pois      28%        N/A       1%          3
d - Ice Form              Ice/Tmut       36%        N/A       1%          4

Your spell library contained the following spells:

 Spells                   Type           Power      Damage    Failure   Level
 Freeze                   Ice            100%       1d10      1%          1
 Ensorcelled Hibernation  Hex/Ice        34%        N/A       1%          2
 Frozen Ramparts          Ice            58%        1d9       1%          3
 Hailstorm                Conj/Ice       17%        3d6       3%          3
 Call Canine Familiar     Summ           6%         N/A       13%         3
 Portal Projectile        Hex/Tloc       12%        N/A       13%         3
 Dragon Form              Tmut           22%        N/A       28%         7
 Anguish                  Hex/Necr       3%         N/A       38%         4
 Cause Fear               Hex            3%         N/A       38%         4
 Leda's Liquefaction      Hex/Erth       3%         N/A       38%         4
 Dragon's Call            Summ           3%         N/A       100%        9

Inventory:

Missiles
 d - 140 stones
 r - 14 boomerangs
 u - a curare-tipped dart {=f}
 v - 35 poisoned darts
 y - 2 javelins
 E - 3 throwing nets {=f!f}
 G - 2 silver boomerangs
Armour
 a - a +0 robe
 g - a +1 pair of gloves (melded)
   (You found it on level 1 of the Dungeon)
 K - +0 steam dragon scales (melded)
   (You found it on level 8 of the Dungeon)
Jewellery
 f - a ring of protection from fire
   (You found it on level 1 of the Dungeon)
 i - the ring "Unar" {rF+++ rCorr Dex+6 Slay-3 SInv}
   (You found it in a sewer)

   [ring of dexterity]

   Dex:       It affects your dexterity (+6).
   Slay:      It affects your accuracy & damage with ranged weapons and melee
   (-3).
   rF:        It renders you almost immune to fire.
   SInv:      It lets you see invisible.
   rCorr:     It protects you from acid and corrosion.
 A - an amulet of the acrobat (around neck)
   (You found it on level 3 of the Dungeon)
 L - a ring of flight
   (You found it on level 2 of the Dungeon)
 P - a ring of poison resistance (right front paw)
   (You found it on level 9 of the Dungeon)
 R - a ring of resist corrosion
   (You found it on level 6 of the Dungeon)
 Z - a ring of wizardry (left front paw)
   (You found it on level 6 of the Dungeon)
Wands
 h - a wand of acid (5)
   (You found it on level 5 of the Dungeon)
 w - a wand of flame (46)
   (You found it on level 6 of the Dungeon)
 x - a wand of paralysis (22)
   (You found it on level 6 of the Dungeon)
 z - a wand of mindburst (11)
   (You found it on level 7 of the Dungeon)
 B - a wand of iceblast (16)
   (You found it on level 7 of the Dungeon)
 H - a wand of polymorph (5)
   (You found it on level 10 of the Dungeon)
Scrolls
 m - 3 scrolls of enchant weapon
 o - 2 scrolls of blinking {!r}
 q - a scroll of enchant armour
 t - a scroll of identify {@r1}
 D - a scroll of torment {!r}
 I - 2 scrolls of butterflies
 N - a scroll of fog
Potions
 b - 2 potions of lignification {!q}
 c - 3 potions of heal wounds {@q2}
 e - 3 potions of haste {@q3}
 j - 6 potions of mutation {!q}
 k - 9 potions of flight
 l - 2 potions of magic
 n - 2 potions of attraction {!q}
 p - 6 potions of curing {@q1}
 s - a potion of degeneration {!q}
 C - a potion of invisibility
 F - 2 potions of brilliance
 M - a potion of might
Miscellaneous
 J - a tin of tremorstones (2/2)
   (You found it on level 10 of the Dungeon)

Dungeon Overview and Level Annotations

Branches:
Dungeon (10/15) Zot: 26365  Temple (0/1) D:4            Lair (2/5) D:8 Zot: 10240
    Orc (0/2) D:9           Sewer (visited)
  Swamp: Lair:2-3    Shoals: Lair:2-3     Snake: Lair:2-3    Spider: Lair:2-3

Altars:
Ashenzari
Cheibriados
Fedhas
Kikubaaqudgha
Ru
Uskayaw
Wu Jian
Xom

Shops:
D:3 *   D:5 (!(?

Annotations:
D:5 2 transporters, Dowan; Sapher's ghost, amateur DEEE
D:10 Psyche

## .####### ### ####.#
#.##.#.###.#####.#).####
........................
........................
............###P.#......
........................
#####..#.........l......
#####...#..$Yl#.
#P......4.....P#
##...#.......###
#...#.....#..#
#....###+.P..## .......
...... ...... ......#
..#. .....P. ....#


You could see a komodo dragon (slow), a wyvern (ally target) and a friendly
orange demon (summoned).


Message History

😎 HP[+9]
You now have 72 max hp (-14).
Your hp is fully restored (72).
Key pressed, stopping explore.
Unknown command.
You see here a +0 robe.
Key pressed, stopping explore.
Key pressed, stopping explore.
There is an open door here.
Key pressed, stopping explore.
Done exploring.
Done exploring.
Done exploring.
Done exploring.
(D) Dungeon (T) Temple (L) Lair (O) Orcish Mines
Where to? (Enter - Lair:2 @ (x,y), ? - help)
There is a stone staircase leading down here.
You fly downwards.
There is a stone staircase leading up here.
Okay, then.
You're wearing all the rings you can.
Remove which one? (? for menu, Esc to cancel) < or
Z - a ring of wizardry; > or
L - a ring of flight You remove your ring of flight.
You float gracefully downwards.
P - a ring of poison resistance (right hand) Unknown command.
Okay, then.
You now have 857 gold pieces (gained 14).
A basilisk comes into view.
Casting: Ice Form (dangerous; 1% risk of failure)
Confirm with . or Enter, or press ? or * to list all spells.
You turn into a creature of crystalline ice.
Your +1 pair of gloves melds into your body.
Your +0 steam dragon scales melds into your body.
The basilisk hisses angrily. 😎 HP[+14] MP[-4]
You now have 86 max hp (+14).
Your hp is fully restored (86).
You lost 4 mp, and now have 19/23 mp.
The basilisk completely misses you.
You hit the basilisk.
The basilisk seems to slow down.
You freeze the basilisk.
A basilisk is nearby! 😎 MP[+1]
You punch the basilisk!
The basilisk seems to slow down.
You freeze the basilisk. The basilisk gazes at you.
You are slowing down.
You pummel the basilisk!! You freeze the basilisk.
You kill the basilisk!
Your limbs are stiffening. 😎 HP[+1]
You now have 87 max hp (+1).
Your hp is fully restored (87).
You have turned to stone.
You turn to ice and can move again. 😎 MP[+2]
You regained 2 mp, and now have 22/23 mp.
A komodo dragon comes into view.
Unknown command. 😎 MP[+1]
Your mp is fully restored (23).
A komodo dragon is nearby!
A komodo dragon is nearby!
A komodo dragon is nearby!
Casting: Ice Form (mildly dangerous; 1% risk of failure)
Confirm with . or Enter, or press ? or * to list all spells.
You extend your transformation's duration.
The komodo dragon hisses angrily.
You hear an angry hiss. 😎 MP[-4]
You lost 4 mp, and now have 19/23 mp.
Casting: Ice Form (mildly dangerous; 1% risk of failure)
Confirm with . or Enter, or press ? or * to list all spells.
Your blood is infused with primal strength.
A wyvern comes into view. 😎 MP[-2]
You lost 2 mp, and now have 17/23 mp.
You see here 18 gold pieces.
The komodo dragon misses you. 😎 MP[+1]
You hit the komodo dragon. You freeze the komodo dragon.
The komodo dragon bites you.
You hit the komodo dragon. You freeze the komodo dragon. The wyvern bites you.
The komodo dragon bites you!! The wyvern bites you. 😮 HP[-40]
You take 40 damage, and now have 47/87 hp.
MASSIVE DAMAGE!! (PAUSE)
You pummel the komodo dragon!! You freeze the komodo dragon.
The komodo dragon bites you!!
* * * LOW HITPOINT WARNING * * *
The wyvern bites you!
* * * LOW HITPOINT WARNING * * *
A demonic guardian appears! 😱 HP[-35]
You take 35 damage, and now have 12/87 hp.
MASSIVE DAMAGE!! (PAUSE)
You hit the komodo dragon but do no damage.
The wyvern barely misses you. The komodo dragon barely misses you.
Unknown command.
You hit the komodo dragon.
The komodo dragon seems to slow down.
You freeze the komodo dragon. The wyvern bites you!
* * * LOW HITPOINT WARNING * * *
The wyvern bites you.
You die...

Skill      XL: |  1  2  3  4  5  6  7  8  9 10 11 |
---------------+----------------------------------+-----
Transmutations | 2 3 4 9 10 11 | 11.6
Unarmed Combat | 3 6 7 8 |  8.6
Poison Magic   | 1 2 |  2.0
Spellcasting   | 3 6 7 8 |  8.4
Ice Magic      | 2 4 5 6 |  6.9
Dodging        | 2 |  2.7
Fighting       | 2 |  2.3

Action                   |  1- 3 |  4- 6 |  7- 9 | 10-12 || total
-------------------------+-------+-------+-------+-------++-------
Melee: Unarmed           |    90 |   105 |   238 |   252 ||   685
       Kick              |    20 |    15 |     1 |       ||    36
       Headbutt          |     6 |    10 |     1 |       ||    17
       Punch             |     1 |     1 |       |     1 ||     3
       Tailslap          |       |       |     2 |     4 ||     6
 Cast: Beastly Appendage |    23 |    18 |     1 |       ||    42
       Spider Form       |     1 |     9 |       |     3 ||    13
       Wereblood         |       |     1 |     8 |    10 ||    19
       Ice Form          |       |       |    38 |    29 ||    67
Invok: Reject Sacrifices |       |     1 |     1 |       ||     2
Evoke: Wand              |       |       |       |     2 ||     2
  Use: Scroll            |     1 |     9 |     8 |     2 ||    20
       Potion            |       |     1 |     2 |     3 ||     6
 Stab: Sleeping          |     1 |     1 |       |       ||     2
Armor: Robe              |    25 |    28 |     4 |       ||    57
       Skin              |     1 |     1 |    80 |    64 ||   146
       Steam dragon scal |       |       |       |     4 ||     4
Dodge: Dodged            |    49 |    82 |   135 |   160 ||   426

Levels and vault maps discovered:
D:1:      ncdulo_lavacross, layout_basic, minmay_surrounded
D:2:      layout_loops_ring, uniq_natasha
D:3:      layout_basic, general_overflow_altar, serial_shops, shop_statue
D:4:      layout_basic, minmay_temple_entry_statues_fountains,
          serial_bayou_pond_b, st_stairs_4
D:5:      layout_rooms, mainiacjoe_overflow_small_starburst, serial_shops,
          nicolae_square_shop, shop, shop_fountains, shop, portal_sewer_entry_d,
          gammafunk_ghost_mausoleum, uniq_duvessa, uniq_eustachio
D:6:      layout_gridville
D:7:      layout_basic, grunt_temple_overflow_growth_and_decay,
          nicolae_wu_jian_wuxing_cycle, slow_altar_1
D:8:      layout_loops_cross, lair_entry_dummy, kennysheep_small_circle
D:9:      layout_loops_ring, xom_redecorated, jmf_multi_god_temple2,
          hiddenorc2_lemuel, hangedman_feature_mirror, uniq_maurice, uniq_harold
D:10:     layout_rooms, chequers_decorated_corner, uniq_psyche
Lair:1:   dragon1_lemuel, layout_chaotic_city, serial_bayou_shore_b,
          grunt_megastairs_1, lemuel_fruit_tree
Lair:2:   layout_chaotic_city, shoals_dummy_entry, uniq_erica

Notes
Turn   | Place    | Note
-------+----------+-------------------------------------------
     0 | D:1      | kae the Demonspawn Transmuter began the quest for the Orb.
     0 | D:1      | Reached XP level 1. HP: 15/15 MP: 3/3
     0 | D:1      | magus.rc [v1.11.3]
    76 | D:1      | Reached skill level 2 in Transmutations
   168 | D:1      | Gained mutation: You are partially covered in slimy green
                  | scales. (AC +2) [demonic ancestry]
   168 | D:1      | Reached XP level 2. HP: 10/21 MP: 3/5
   536 | D:1      | Reached skill level 3 in Unarmed Combat
   589 | D:1      | Reached XP level 3. HP: 26/26 MP: 4/6
   595 | D:1      | Learned a level 2 spell: Wereblood
   599 | D:1      | Learned a level 3 spell: Spider Form
  1002 | D:2      | Noticed Natasha
  1018 | D:2      | Killed Natasha
  1027 | D:2      | Reached skill level 3 in Transmutations
  1214 | D:2      | Gained mutation: You are mostly covered in slimy green
                  | scales. (AC +3) [demonic ancestry]
  1214 | D:2      | Reached XP level 4. HP: 32/32 MP: 5/7
  1612 | D:2      | Noticed Natasha
  1619 | D:2      | Killed Natasha
  1620 | D:2      | Reached skill level 1 in Poison Magic
  1742 | D:2      | Noticed Natasha
  1749 | D:2      | Killed Natasha
  1795 | D:3      | Gained mutation: You may rarely emit foul miasma when
                  | damaged in melee. [demonic ancestry]
  1795 | D:3      | Reached XP level 5. HP: 37/37 MP: 4/9
  2015 | D:3      | You pick up a book of Dreams and begin reading...
  2015 | D:3      | You add the spells Ensorcelled Hibernation and Anguish to
                  | your library.
  2085 | D:3      | Found a sacrificial altar of Ru.
  2124 | D:3      | Became a worshipper of Ru the Awakened
  2161 | D:3      | Found Koxzur's General Store.
  2170 | D:3      | Bought a scroll of blinking for 90 gold pieces
  2962 | D:4      | Reached skill level 3 in Spellcasting
  3018 | D:4      | Found a staircase to the Ecumenical Temple.
  3040 | D:4      | Reached skill level 4 in Transmutations
  3040 | D:4      | Reached skill level 2 in Poison Magic
  3040 | D:4      | Gained mutation: A weak demonic guardian rushes to your
                  | aid. [demonic ancestry]
  3040 | D:4      | Reached XP level 6. HP: 14/43 MP: 5/10
  3644 | D:5      | Entered Level 5 of the Dungeon
  3660 | D:5      | Identified a potion of experience
  3688 | D:5      | Found Ymnaduq's Magic Scroll Shoppe.
  3689 | D:5      | Reached skill level 6 in Unarmed Combat
  3689 | D:5      | Reached skill level 6 in Spellcasting
  3689 | D:5      | Reached skill level 9 in Transmutations
  3689 | D:5      | Reached XP level 7. HP: 48/48 MP: 12/17
  3695 | D:5      | Learned a level 4 spell: Ice Form
  3727 | D:5      | You pick up a book of the Hunter and begin reading...
  3727 | D:5      | You add the spells Call Canine Familiar, Portal Projectile
                  | and Leda's Liquefaction to your library.
  3729 | D:5      | Bought a scroll of identify for 30 gold pieces
  3729 | D:5      | Bought a scroll of identify for 30 gold pieces
  3775 | D:5      | Found Katuowon's Distillery.
  3793 | D:5      | Found a transporter.
  3818 | D:5      | Noticed Eustachio
  3832 | D:5      | HP: 12/57 [Eustachio/+6 rapier of venom (13)]
  3835 | D:5      | Killed Eustachio
  3836 | D:5      | Reached skill level 7 in Unarmed Combat
  3836 | D:5      | Gained mutation: You have a small tail. [demonic ancestry]
  3836 | D:5      | Reached XP level 8. HP: 20/54 MP: 15/18
  3875 | D:5      | Reached skill level 1 in Ice Magic
  3883 | D:5      | Found a glowing drain.
  3893 | Sewer    | Entered a sewer
  3978 | Sewer    | Identified the ring "Unar" {rF+++ rCorr Dex+6 Slay-3 SInv}
  4209 | D:5      | Found a transporter.
  4211 | D:5      | Noticed Sapher's ghost (amateur DEEE)
  4212 | D:5      | Noticed Dowan
  4232 | D:5      | Found Esacirru's Weapon Emporium.
  4311 | D:5      | HP: 11/64 [gnoll/+0 halberd[a gnoll bouda] (8)]
  4541 | D:5      | Found Kuocw's Weapon Shop.
  5099 | D:6      | Reached skill level 2 in Ice Magic
  5310 | D:6      | Reached skill level 7 in Spellcasting
  5313 | D:6      | Reached XP level 9. HP: 59/59 MP: 10/19
  5547 | D:6      | You pick up a book of Frost and begin reading...
  5547 | D:6      | You add the spells Freeze, Frozen Ramparts and Hailstorm to
                  | your library.
  5815 | D:6      | You are sucked into a shaft and drop 2 floors!
  5920 | D:7      | Found a snail-covered altar of Cheibriados.
  6037 | D:7      | You pick up a book of the Dragon and begin reading...
  6037 | D:7      | You add the spells Cause Fear, Dragon Form and Dragon's
                  | Call to your library.
  6184 | D:7      | Paralysed by an orc for 4 turns
  6262 | D:7      | Reached skill level 3 in Ice Magic
  6431 | D:7      | Found an ornate altar of the Wu Jian Council.
  6631 | D:7      | Found an ancient bone altar of Kikubaaqudgha.
  6633 | D:7      | Found a blossoming altar of Fedhas.
  6968 | D:8      | Reached skill level 10 in Transmutations
  7160 | D:8      | Noticed a two-headed ogre
  7167 | D:8      | Killed a two-headed ogre
  7175 | D:8      | Reached skill level 4 in Ice Magic
  7732 | D:8      | Found a staircase to the Lair.
  7824 | D:9      | Noticed a troll
  7831 | D:9      | Killed a troll
  7832 | D:9      | Gained mutation: A demonic guardian rushes to your aid.
                  | [demonic ancestry]
  7832 | D:9      | Reached XP level 10. HP: 55/65 MP: 17/21
  7907 | D:9      | Found a shimmering altar of Xom.
  7907 | D:9      | Found a shimmering altar of Xom.
  7908 | D:9      | Found a shimmering altar of Xom.
  7909 | D:9      | Found a shimmering altar of Xom.
  7909 | D:9      | Found a shimmering altar of Xom.
  8065 | D:9      | Noticed Harold
  8119 | D:9      | Killed Harold
  8330 | D:9      | Reached skill level 5 in Ice Magic
  8504 | D:9      | Noticed a two-headed ogre
  8514 | D:9      | Killed a two-headed ogre
  8515 | D:9      | Reached skill level 8 in Unarmed Combat
  8666 | D:9      | Found a staircase to the Orcish Mines.
  8752 | D:9      | Found a blossoming altar of Fedhas.
  8835 | D:9      | Found a shimmering altar of Xom.
  8911 | D:9      | Found a large runed translucent door.
  8911 | D:9      | Found a large runed translucent door.
  8942 | D:9      | Noticed Maurice
  8958 | D:9      | Killed Maurice
  8959 | D:9      | Reached skill level 11 in Transmutations
  9368 | D:9      | Reached skill level 8 in Spellcasting
  9368 | D:9      | Gained mutation: You have a tail ending in a sharp stinger.
                  | [demonic ancestry]
  9368 | D:9      | Reached XP level 11. HP: 46/70 MP: 18/23
  9373 | D:9      | Found a hide-covered altar of Uskayaw.
  9376 | D:9      | Found a broken altar of Ashenzari.
  9515 | D:10     | Entered Level 10 of the Dungeon
  9742 | D:10     | Noticed a two-headed ogre
  9755 | D:10     | Killed a two-headed ogre
  9756 | D:10     | Reached skill level 6 in Ice Magic
  9982 | D:10     | Noticed Psyche
 10152 | Lair:1   | Entered Level 1 of the Lair of Beasts
 10152 | Lair:1   | You are sucked into a shaft and drop 1 floor!
 10344 | Lair:1   | Reached skill level 2 in Dodging
 10849 | Lair:1   | Reached skill level 2 in Fighting
 11084 | Lair:1   | Noticed an ice dragon
 11098 | Lair:1   | Killed an ice dragon
 11924 | Lair:2   | HP: 12/87 [wyvern (13)]
 11926 | Lair:2   | HP: 1/87 [wyvern (12)]
 11926 | Lair:2   | Slain by a wyvern

Vanquished Creatures
  An ice dragon (Lair:1)
  Harold (D:9)
  3 two-headed ogres
  A black mamba (Lair:1)
  Maurice (D:9)
  A komodo dragon (Lair:1)
  A kobold demonologist (D:9)
  2 trolls (D:9)
  A polar bear (Lair:1)
  A shadow (D:6)
  14 yaks
  A wyvern (D:9)
  Eustachio (D:5)
  2 basilisks (Lair:2)
  4 steam dragons
  4 water moccasins
  3 orc warriors (D:9)
  A black bear (D:5)
  An ice beast (D:6)
  5 centaurs
  3 kobold brigands
  A phantom (D:6)
  6 bullfrogs
  A necrophage (D:4)
  A gnoll sergeant (D:7)
  3 scorpions
  5 wights
  4 killer bees (D:9)
  An electric eel (Lair:1)
  6 orc priests
  A hound (D:6)
  2 gnoll boudas (D:5)
  2 jellies
  An iron imp (D:7)
  An iguana (D:6)
  Natasha (thrice) (D:2)
  7 orc wizards
  8 adders
  13 gnolls
  A shadow imp (D:6)
  3 white imps
  An ufetubus (D:6)
  3 worms
  2 dart slugs
  36 orcs
  7 endoplasms
  14 giant cockroaches
  4 goblins
  11 hobgoblins
  6 quokkas
  8 ball pythons
  4 bats
  9 frilled lizards
  23 kobolds
  7 rats
257 creatures vanquished.

Vanquished Creatures (collateral kills)
  A yak (Lair:1)
  A bullfrog (D:9)
  A jelly (D:5)
  7 orcs
10 creatures vanquished.

Vanquished Creatures (others)
  4 fungi (Lair:1)
  A plant (D:4)
5 creatures vanquished.

Grand Total: 272 creatures vanquished

Table legend:
 A = Non-vault XP
 B = Vault XP
 C = Vault XP percentage of total XP
 D = Non-vault monster count
 E = Vault monster count
 F = Vault count percentage of total count
                 A         B        C        D         E       F
            +---------+---------+-------+---------+---------+-------
      Total |   11299 |    5891 |  34.3 |     186 |      81 |  30.3
            +---------+---------+-------+---------+---------+-------
        D:1 |      37 |       6 |  14.0 |      25 |       2 |   7.4
        D:2 |     116 |      36 |  23.7 |      19 |       1 |   5.0
        D:3 |      48 |       0 |   0.0 |      16 |       0 |   0.0
        D:4 |      89 |     104 |  53.9 |       4 |       5 |  55.6
        D:5 |     540 |     217 |  28.7 |      16 |       2 |  11.1
        D:6 |     888 |       0 |   0.0 |      24 |       0 |   0.0
        D:7 |     755 |      39 |   4.9 |      20 |       1 |   4.8
        D:8 |     795 |     942 |  54.2 |      15 |       3 |  16.7
        D:9 |    3067 |    2897 |  48.6 |      22 |      38 |  63.3
       D:10 |    1346 |       0 |   0.0 |       7 |       0 |   0.0
     Lair:1 |    2990 |    1398 |  31.9 |      14 |       3 |  17.6
     Lair:2 |     628 |       0 |   0.0 |       4 |       0 |   0.0
      Sewer |       0 |     252 | 100.0 |       0 |      26 | 100.0
            +---------+---------+-------+---------+---------+-------

Illustrated notes

Table legend:
 A = Kills in this place as a percentage of kills in entire the game.
 B = Kills by you in this place as a percentage of kills by you in the entire game.
 C = Kills by friends in this place as a percentage of kills by friends in the entire game.
 D = Other kills in this place as a percentage of other kills in the entire game.
 E = Experience gained in this place as a percentage of experience gained in the entire game.
 F = Experience gained in this place divided by the number of levels of this place that you have seen.
                   A       B       C       D       E      F
               +-------+-------+-------+-------+-------+----------------------
         Total | 100.0 | 100.0 | 100.0 |   N/A | 100.0 | 1322.3
       Dungeon |  82.4 |  82.1 |  90.0 |   N/A |  69.4 | 1192.2
          Lair |   7.9 |   7.8 |  10.0 |   N/A |  29.2 | 2508.0
         Sewer |   9.7 |  10.1 |   0.0 |   N/A |   1.5 | 252.0
               +-------+-------+-------+-------+-------+----------------------

Table legend: (Time is in decaauts)
 A = Elapsed time spent in this place.
 B = Non-inter-level travel time spent in this place.
 C = Inter-level travel time spent in this place.
 D = Time resting spent in this place.
 E = Time spent auto-exploring this place.
 F = Levels seen in this place.
 G = Mean time per level.
                   A        B        C        D        E       F      G
               +--------+--------+--------+--------+--------+-----+--------+
         Total |  11845 |  11523 |    322 |    585 |   8984 |  13 |  911.2 |
       Dungeon |   9846 |   9539 |    307 |    565 |   7374 |  10 |  984.6 |
          Lair |   1758 |   1743 |     15 |     20 |   1488 |   2 |  879.0 |
         Sewer |    240 |    240 |      0 |      0 |    122 |   1 |  240.0 |
               +--------+--------+--------+--------+--------+-----+--------+

Top non-repeatable levels by time:
     D:9: 1774 daAuts
  Lair:1: 1483 daAuts
     D:8: 1196 daAuts
     D:3: 1071 daAuts
     D:6: 993 daAuts
     D:2: 917 daAuts
     D:4: 900 daAuts
     D:1: 865 daAuts
     D:7: 849 daAuts
     D:5: 808 daAuts
    D:10: 469 daAuts
  Lair:2: 275 daAuts
   Sewer: 240 daAuts
